 Dungeon Crawl Stone Soup version 0.25-a0-35-g747a2b3c0c (webtiles) character file.

Game seed: 7813125323855284871, levelgen mode: deterministic

1729 Ablot the Charmwright (level 9, -7/69 HPs)
             Began as a Gnoll Skald on Oct 19, 2019.
             Was an Initiate of Okawaru.
             Shot with an arrow by a centaur (9 damage)
             ... on level 5 of the Dungeon.
             The game lasted 00:09:23 (3929 turns).

Ablot the Charmwright (Gnoll Skald)                 Turns: 3929, Time: 00:09:24

Health: -7/69      AC:  6    Str: 17    XL:     9   Next: 5%
Magic:  8/18       EV: 18    Int: 15    God:    Okawaru [......]
Gold:   351        SH:  0    Dex: 15    Spells: 9/20 levels left

rFire    . . .     SeeInvis .   a - +0 trident
rCold    . . .     Gourm    .   (no shield)
rNeg     . . .     Faith    .   b - +0 leather armour
rPois    .         Spirit   .   x - +0 helmet
rElec    .         Reflect  .   (no cloak)
rCorr    .         Harm     .   g - +0 pair of gloves
MR       .....                  (no boots)
Stlth    ++........             (no amulet)
HPRegen  0.21/turn              u - +3 ring of evasion
MPRegen  0.16/turn              (no ring)

@: very slightly contaminated
A: distributed training, fangs 1, strong nose
a: Renounce Religion


You were on level 5 of the Dungeon.
You worshipped Okawaru.
Okawaru was noncommittal.
You were not hungry.

You visited 2 branches of the dungeon, and saw 6 of its levels.
You also visited: Ossuary.

You collected 351 gold pieces.

Inventory:

Hand Weapons
 a - a +0 trident (weapon)
 H - a +1 hand crossbow of velocity
Missiles
 e - 162 stones
 k - 32 sling bullets
 m - 24 bolts
 p - 50 poisoned darts (quivered)
 z - 55 arrows
Armour
 b - a +0 leather armour (worn)
 g - a +0 pair of gloves (worn)
 x - a +0 helmet (worn)
Jewellery
 u - a +3 ring of evasion (left hand)
Wands
 B - a wand of paralysis (6)
Scrolls
 f - 6 scrolls of teleportation
 i - 5 scrolls of identify
 j - 5 scrolls of remove curse
 l - a scroll of fog {unknown}
 n - 2 scrolls of magic mapping {unknown}
 q - 2 scrolls of amnesia {unknown}
 r - a scroll of blinking {unknown}
 s - 2 scrolls of random uselessness {unknown}
 v - a scroll of fear {unknown}
 w - a scroll of enchant armour {unknown}
 y - a scroll of noise {unknown}
 I - a scroll of immolation {unknown}
Potions
 c - a potion of heal wounds
 o - 2 potions of curing
 t - a potion of agility
 A - 2 potions of might {unknown}
 C - 3 potions of magic {unknown}
 D - 2 potions of mutation {unknown}
 E - 2 potions of haste {unknown}
 F - 2 potions of flight {unknown}
 G - a potion of brilliance {unknown}
Comestibles
 d - 8 rations
 h - 10 chunks of flesh


   Skills:
 + Level 6.0 Fighting
 + Level 3.7 Short Blades
 + Level 3.7 Long Blades
 + Level 3.7 Axes
 + Level 3.7 Maces & Flails
 + Level 6.0 Polearms
 + Level 3.7 Staves
 + Level 3.7 Slings
 + Level 3.7 Bows
 + Level 3.7 Crossbows
 + Level 3.7 Throwing
 + Level 4.6 Armour
 + Level 6.0 Dodging
 + Level 3.7 Stealth
 + Level 3.7 Shields
 + Level 3.7 Unarmed Combat
 + Level 6.3 Spellcasting
 + Level 3.1 Conjurations
 + Level 3.1 Hexes
 + Level 6.3 Charms
 + Level 3.1 Summonings
 + Level 3.1 Necromancy
 + Level 3.1 Translocations
 + Level 3.1 Transmutations
 + Level 3.1 Fire Magic
 + Level 3.1 Ice Magic
 + Level 3.1 Air Magic
 + Level 3.1 Earth Magic
 + Level 3.1 Poison Magic
 + Level 4.1 Invocations
 + Level 3.7 Evocations


You had 9 spell levels left.
You knew the following spells:

 Your Spells              Type           Power        Failure   Level  Hunger
a - Infusion              Chrm           ###.         1%          1    None
b - Song of Slaying       Chrm           ###.....     1%          2    #......
c - Shroud of Golubria    Chrm/Tloc      ###...       3%          2    #......
d - Regeneration          Chrm/Necr      ###.......   8%          3    ##.....
e - Spectral Weapon       Hex/Chrm       ###.....     8%          3    ##.....

Your spell library contained the following spells:

 Spells                   Type           Power        Failure   Level  Hunger


Dungeon Overview and Level Annotations

Branches:
Dungeon (5/15)             Temple (1/1) D:4         Ossuary (visited)

Altars:
Ashenzari
Cheibriados
Dithmenos
Fedhas
Gozag
Hepliaklqana
Kikubaaqudgha
Makhleb
Nemelex Xobeh
Okawaru
Qazlal
Ru
Sif Muna
Trog
Uskayaw
Vehumet
Wu Jian
Xom
Yredelemnul
Zin

Annotations:
D:4 Trapped Demons


Innate Abilities, Weirdness & Mutations

Your experience applies equally to all skills.
You have very sharp teeth.
Your uncanny sense of smell can sniff out nearby items.


Message History

You reach to attack!
You barely miss the centaur.
Your spectral weapon hits the centaur from afar.
The centaur shoots an arrow.
The arrow completely misses you.
The centaur shoots an arrow.
The arrow misses you.
You see here 2 arrows.
The centaur shoots an arrow.
The arrow hits you but does no damage.
The centaur shoots an arrow.
The arrow hits you!
* * * LOW HITPOINT WARNING * * *
You see here 2 arrows.
The centaur shoots an arrow.
The arrow closely misses your spectral weapon.
The arrow misses you.
You see here 2 arrows.
The centaur shoots an arrow.
The arrow hits your spectral weapon.
Your spectral weapon shares its damage with you!
* * * LOW HITPOINT WARNING * * *
The centaur shoots an arrow.
The arrow barely misses your spectral weapon.
The arrow hits you!
You die...

.[....#..##.#.##..
####....>..........
#.........###...
#.........###...
#.............#
#(.........####
#....).....#
#<).#.#....#
#@......####
##(..PP..#
#(.(PPPP.#
#(#PP_PP.#
#((PcP.P..
##.P.PPP.##
##......# ########


You could see a centaur and a friendly spectral +0 trident.

Vanquished Creatures
  Pikel (D:4)
  Eustachio (D:5)
  Duvessa (D:4)
  2 ogres (D:4)
  A phantom (D:4)
  A bullfrog (D:3)
  Dowan (D:4)
  A hound (D:5)
  2 orc wizards (D:3)
  An orc priest (D:3)
  A gnoll shaman (D:5)
  A human zombie (Ossuary)
  An iguana (D:4)
  Ijyb (D:4)
  3 worker ants
  A killer bee zombie (D:5)
  A hound zombie (Ossuary)
  4 mummies (Ossuary)
  9 gnolls
  5 adders
  A shadow imp (D:5)
  2 oozes (D:1)
  An adder zombie (Ossuary)
  2 worms
  2 dart slugs
  2 leopard geckos
  12 orcs
  A ball python (D:2)
  4 giant cockroaches
  2 gnoll zombies (Ossuary)
  9 goblins
  11 hobgoblins
  4 jackals
  2 quokkas
  7 bats
  5 frilled lizards
  A goblin zombie (Ossuary)
  A hobgoblin zombie (Ossuary)
  A jackal skeleton (D:4)
  7 kobolds
  A kobold zombie (Ossuary)
  3 orc zombies (Ossuary)
  3 rats
  A rat zombie (Ossuary)
124 creatures vanquished.

Vanquished Creatures (others)
  An adder (D:4)
  A bat (D:4)
  A frilled lizard (D:4)
  2 spectral weapons
5 creatures vanquished.

Grand Total: 129 creatures vanquished

Notes
Turn   | Place    | Note
-------+----------+-------------------------------------------
     0 | D:1      | Ablot the Gnoll Skald began the quest for the Orb.
     0 | D:1      | Reached XP level 1. HP: 20/20 MP: 6/6
    77 | D:1      | Reached XP level 2. HP: 26/26 MP: 7/7
   312 | D:1      | Learned a level 2 spell: Song of Slaying
   315 | D:1      | Learned a level 2 spell: Shroud of Golubria
   624 | D:1      | Reached XP level 3. HP: 30/31 MP: 9/9
   634 | D:1      | Reached skill level 5 in Spellcasting
  1149 | D:2      | Learned a level 3 spell: Regeneration
  1153 | D:2      | Learned a level 3 spell: Spectral Weapon
  1196 | D:2      | Found a shimmering altar of Xom.
  1200 | D:2      | Reached skill level 1 in Invocations
  1268 | D:2      | Found a sparkling altar of Nemelex Xobeh.
  1272 | D:2      | Reached skill level 1 in Short Blades
  1272 | D:2      | Reached skill level 1 in Long Blades
  1272 | D:2      | Reached skill level 1 in Axes
  1272 | D:2      | Reached skill level 1 in Maces & Flails
  1272 | D:2      | Reached skill level 1 in Staves
  1272 | D:2      | Reached skill level 1 in Slings
  1272 | D:2      | Reached skill level 1 in Bows
  1272 | D:2      | Reached skill level 1 in Crossbows
  1272 | D:2      | Reached skill level 1 in Throwing
  1272 | D:2      | Reached skill level 1 in Stealth
  1272 | D:2      | Reached skill level 1 in Shields
  1272 | D:2      | Reached skill level 1 in Unarmed Combat
  1272 | D:2      | Reached skill level 1 in Evocations
  1272 | D:2      | Reached XP level 4. HP: 38/38 MP: 3/11
  1409 | D:2      | You fall into a shaft and drop 1 floor!
  1410 | D:3      | Noticed a bullfrog
  1419 | D:3      | Killed a bullfrog
  1419 | D:3      | Reached skill level 1 in Conjurations
  1419 | D:3      | Reached skill level 1 in Hexes
  1419 | D:3      | Reached skill level 1 in Summonings
  1419 | D:3      | Reached skill level 1 in Necromancy
  1419 | D:3      | Reached skill level 1 in Translocations
  1419 | D:3      | Reached skill level 1 in Transmutations
  1419 | D:3      | Reached skill level 1 in Fire Magic
  1419 | D:3      | Reached skill level 1 in Ice Magic
  1419 | D:3      | Reached skill level 1 in Air Magic
  1419 | D:3      | Reached skill level 1 in Earth Magic
  1419 | D:3      | Reached skill level 1 in Poison Magic
  1419 | D:3      | Reached XP level 5. HP: 43/43 MP: 2/12
  2303 | D:3      | Found a stormy altar of Qazlal.
  2310 | D:3      | Reached XP level 6. HP: 50/50 MP: 13/13
  2385 | D:3      | HP: 1/50 [orc wizard/+0 dagger (5)]
  2399 | D:3      | Reached skill level 5 in Fighting
  2399 | D:3      | Reached skill level 5 in Polearms
  2399 | D:3      | Reached skill level 5 in Dodging
  2719 | D:4      | Noticed Ijyb
  2722 | D:4      | Found a staircase to the Ecumenical Temple.
  2727 | D:4      | Killed Ijyb
  2727 | D:4      | Noticed Dowan
  2727 | D:4      | Noticed a slave
  2728 | D:4      | Noticed a slave
  2799 | D:4      | Reached XP level 7. HP: 55/56 MP: 9/15
  2818 | D:4      | Noticed Pikel
  2829 | D:4      | Killed Pikel
  2829 | D:4      | Reached XP level 8. HP: 32/63 MP: 4/16
  2866 | D:4      | Found a sand-covered staircase.
  2871 | Ossuary  | Entered an ossuary
  3274 | D:4      | Noticed Duvessa
  3287 | D:4      | Killed Duvessa
  3288 | D:4      | Killed Dowan
  3356 | Temple   | Entered the Ecumenical Temple
  3506 | Temple   | Became a worshipper of Warmaster Okawaru
  3588 | D:4      | Found a burning altar of Makhleb.
  3588 | D:4      | Noticed a cacodemon
  3614 | D:4      | Noticed a smoke demon
  3614 | D:4      | Noticed an orange demon
  3807 | D:5      | Entered Level 5 of the Dungeon
  3884 | D:5      | Found a blossoming altar of Fedhas.
  3886 | D:5      | Noticed Eustachio
  3910 | D:5      | Killed Eustachio
  3910 | D:5      | Reached XP level 9. HP: 55/69 MP: 5/18
  3929 | D:5      | HP: 2/69 [centaur/cursed -2 shortbow (2)]
  3929 | D:5      | Shot with an arrow by a centaur

Levels and vault maps discovered:
D:1:      roderic_octagonal_star, layout_basic
D:2:      layout_basic, nemelex_altar_shiori, xom_teletrap_fun, serial_forest,
          infiniplex_forest_corner_1, infiniplex_forest_clump_double,
          infiniplex_forest_clump_tiny, infiniplex_forest_clump_small,
          infiniplex_forest_zigzag_2, infiniplex_forest_clump_long
D:3:      layout_basic, old_standard_altar, kennysheep_generic_room_5
D:4:      layout_gridville, makhleb_altar_promises_db,
          minmay_temple_entry_junction_2, enter_ossuary_5, uniq_pikel,
          uniq_ijyb, uniq_duvessa
D:5:      layout_basic, first_ration, fedhas_bush_and_centaur_altar,
          uniq_eustachio
Temple:   regret_index_temple_sphere_string

Skill      XL: |  1  2  3  4  5  6  7  8 |
---------------+-------------------------+-----
Spellcasting   | 5 6 |  6.3
Invocations    | 1 2 3 4 |  4.1
Short Blades   | 1 2 3 |  3.7
Long Blades    | 1 2 3 |  3.7
Axes           | 1 2 3 |  3.7
Maces & Flails | 1 2 3 |  3.7
Staves         | 1 2 3 |  3.7
Slings         | 1 2 3 |  3.7
Bows           | 1 2 3 |  3.7
Crossbows      | 1 2 3 |  3.7
Throwing       | 1 2 3 |  3.7
Stealth        | 1 2 3 |  3.7
Shields        | 1 2 3 |  3.7
Unarmed Combat | 1 2 3 |  3.7
Evocations     | 1 2 3 |  3.7
Conjurations   | 1 2 3 |  3.1
Hexes          | 1 2 3 |  3.1
Summonings     | 1 2 3 |  3.1
Necromancy     | 1 2 3 |  3.1
Translocations | 1 2 3 |  3.1
Transmutations | 1 2 3 |  3.1
Fire Magic     | 1 2 3 |  3.1
Ice Magic      | 1 2 3 |  3.1
Air Magic      | 1 2 3 |  3.1
Earth Magic    | 1 2 3 |  3.1
Poison Magic   | 1 2 3 |  3.1
Armour         | 3 4 |  4.6
Fighting       | 5 6 |  6.0
Polearms       | 5 6 |  6.0
Dodging        | 5 6 |  6.0
Charms         | 6 |  6.3

Action                   |  1- 3 |  4- 6 |  7- 9 || total
-------------------------+-------+-------+-------++-------
Melee: Spear             |   127 |   155 |       ||   282
       Bite              |    12 |    18 |    21 ||    51
       Trident           |       |    33 |   165 ||   198
       Punch             |       |       |     4 ||     4
 Cast: Infusion          |     2 |     1 |     2 ||     5
       Shroud of Golubri |     2 |    13 |    11 ||    26
       Spectral Weapon   |       |     9 |     9 ||    18
       Regeneration      |       |     4 |     5 ||     9
       Song of Slaying   |       |     1 |     2 ||     3
  Use: Scroll            |       |     4 |       ||     4
       Potion            |       |     1 |       ||     1
 Stab: Sleeping          |     3 |     5 |     1 ||     9
       Distracted        |       |     1 |     1 ||     2
  Eat: Chunk             |     1 |     7 |     5 ||    13
Armor: Leather armour    |    18 |    32 |    25 ||    75
Dodge: Dodged            |    60 |   126 |   135 ||   321

Table legend:
 A = Non-vault XP
 B = Vault XP
 C = Vault XP percentage of total XP
 D = Non-vault monster count
 E = Vault monster count
 F = Vault count percentage of total count
                 A         B        C        D         E       F
            +---------+---------+-------+---------+---------+-------
      Total |    1186 |    1285 |  52.0 |     101 |      23 |  18.5
            +---------+---------+-------+---------+---------+-------
        D:1 |      55 |       0 |   0.0 |      25 |       0 |   0.0
        D:2 |      49 |       0 |   0.0 |      17 |       0 |   0.0
        D:3 |     363 |       3 |   0.8 |      30 |       2 |   6.2
        D:4 |     524 |     932 |  64.0 |      19 |       4 |  17.4
        D:5 |     195 |     202 |  50.9 |      10 |       1 |   9.1
    Ossuary |       0 |     148 | 100.0 |       0 |      16 | 100.0
            +---------+---------+-------+---------+---------+-------
